 Dungeon Crawl Stone Soup version 0.30-a0-630-g881e3bac89 (webtiles) character file.

Game seed: 8708691136121959641

25 Citaku the Covered (level 2, -1/23 (27) HPs)
             Began as a Minotaur Fighter on Jan 13, 2023.
             Slain by Terence
             ... wielding the +7 Throatcutter {drain, coup de grace}
              (2 damage)
             ... on level 2 of the Dungeon.
             The game lasted 00:01:06 (908 turns).

Citaku the Covered (Minotaur Fighter)                Turns: 908, Time: 00:01:06

HP:   -1/23 (27)    AC:  8    Str: 20    XL:     2   Next: 82%
MP:   1/1           EV:  9    Int:  5    God:
Gold: 72            SH:  4    Dex:  9    Spells: 1/1 levels left

rFire   . . .      SeeInvis .    a - +0 war axe
rCold   . . .      Faith    .    c - +0 buckler
rNeg    . . .      Spirit   .    b - +0 scale mail
rPois   .          Reflect  .    (helmet restricted)
rElec   .          Harm     .    (no cloak)
rCorr   .          Rampage  .    (no gloves)
Will    .....                    j - +0 pair of boots Stlth
                                 (no amulet)
HPRegen 0.23/turn                (no ring)
MPRegen 0.07/turn                (no ring)

@: heavily drained
A: horns 2, retaliatory headbutt
a: no special abilities


You were on level 2 of the Dungeon.
You visited 1 branch of the dungeon, and saw 2 of its levels.

You collected 72 gold pieces.

Inventory:

Hand Weapons
 a - a +0 war axe (weapon)
Armour
 b - a +0 scale mail (worn)
 c - a +0 buckler (worn)
 j - a +0 pair of boots (worn)
Scrolls
 f - 2 scrolls of identify {unknown}
 h - a scroll of acquirement {unknown}
Potions
 d - a potion of might
 e - a potion of brilliance {unknown}
 g - 2 potions of attraction {unknown}
 i - a potion of curing {unknown}


   Skills:
 + Level 3.9 Fighting
 * Level 3.1 Axes
 * Level 4.1 Armour
 + Level 3.8 Shields


You had one spell level left.
You didn't know any spells.
Your spell library was empty.

Dungeon Overview and Level Annotations

Branches:
Dungeon (2/15)

Altars:

Annotations:
D:2 Terence


Innate Abilities, Weirdness & Mutations

You have a pair of horns on your head.
You reflexively headbutt those who attack you in melee.


Message History

You kill the worm!
You see here a worm corpse.
i - a purple potion HP restored.
You see here a worm corpse.
You now have 72 gold pieces (gained 6).
You open the door.
There is a stone staircase leading up here.
You open the door.
There is an open door here.
Found a pair of boots.
f - 2 scrolls labelled FACWYE KAOPP (gained 1)
Found a short sword.
You see here a +0 pair of boots.
j - a +0 pair of boots You start putting on your armour.
You continue putting on your +0 pair of boots. x4
You finish putting on your +0 pair of boots.
Found 5 stones.
g - 2 fizzy black potions (gained 1)
An endoplasm comes into view.
The endoplasm quivers.
The endoplasm hits you but does no damage.
You slash the endoplasm!
You kill the endoplasm!
Found an escape hatch in the floor.
You open the door.
Terence the Incautious comes into view.
He is wielding the +7 Throatcutter {drain, coup de grace}.
Terence shouts!
Terence is nearby!
Terence hits you with the +7 Throatcutter {drain, coup de grace}!
You feel drained.
You closely miss Terence. You block Terence's attack.
You barely miss Terence.
Terence hits you with the +7 Throatcutter {drain, coup de grace}.
You feel drained.
Terence hits you with the +7 Throatcutter {drain, coup de grace}!
* * * LOW HITPOINT WARNING * * *
You feel drained.
You die...

#..........#
#.......>..#
#..........#
#........###
#........######
+........'....+
#........######
#........#
#..@@....#
............#
..#.........##
.............#
###.#
###..........#
....#
#..........#
###.#
#...#+####.#
....# #......
#.#
#####+#+####.
.....##.##


You could see Terence.

Vanquished Creatures
  A worm (D:2)
  3 dart slugs (D:1)
  2 endoplasms
  2 giant cockroaches (D:1)
  A goblin (D:1)
  A hobgoblin (D:1)
  2 ball pythons (D:1)
  A bat (D:1)
  A frilled lizard (D:1)
  A kobold (D:1)
  A rat (D:1)
16 creatures vanquished.

Notes
Turn   | Place    | Note
-------+----------+-------------------------------------------
     0 | D:1      | Citaku the Minotaur Fighter began the quest for the Orb.
     0 | D:1      | Reached XP level 1. HP: 19/19 MP: 0/0
   316 | D:1      | Reached XP level 2. HP: 27/27 MP: 1/1
   372 | D:1      | Found a faded altar of an unknown god.
   534 | D:1      | Reached skill level 4 in Armour
   901 | D:2      | Noticed Terence
   908 | D:2      | HP: 1/25 [Terence/the +7 Throatcutter {drain, coup de
                  | grace} (12)]
   908 | D:2      | Slain by Terence

Illustrated notes

Levels and vault maps discovered:
D:1:      tarquinn_simple_flora_water_b, layout_loops_ring,
          shapermc_ecumenical_altar_ellora
D:2:      layout_basic, serial_glass, glass_columns_c, glass_columns_a,
          uniq_terence

Skill      XL: |  1  2 |
---------------+-------+-----
Armour         | 4 |  4.1
Axes           | 3 |  3.1
Fighting       | |  3.9
Shields        | |  3.8

Action                   || total
-------------------------++-------
Melee: War axe           ||    32
       Headbutt          ||     2
Armor: Scale mail        ||    10
Dodge: Dodged            ||    10
Block: Buckler           ||     6

Table legend: (Time is in decaauts)
 A = Elapsed time spent in this place.
 B = Non-inter-level travel time spent in this place.
 C = Inter-level travel time spent in this place.
 D = Time resting spent in this place.
 E = Time spent auto-exploring this place.
 F = Levels seen in this place.
 G = Mean time per level.
                   A        B        C        D        E       F      G
               +--------+--------+--------+--------+--------+-----+--------+
         Total |    920 |    893 |     27 |      0 |    726 |   2 |  460.0 |
       Dungeon |    920 |    893 |     27 |      0 |    726 |   2 |  460.0 |
               +--------+--------+--------+--------+--------+-----+--------+

Top non-repeatable levels by time:
     D:1: 794 daAuts
     D:2: 126 daAuts
